 Dungeon Crawl Stone Soup version 0.28-a0-925-gd5e1996cdb (webtiles) character file.

Game seed: 11926100548175609527

4 kae the Skirmisher (level 1, 0/18 HPs)
             Began as a Demonspawn Abyssal Knight on Nov 26, 2021.
             Was an Initiate of Lugonu.
             Slain by an endoplasm (1 damage)
             ... on level 1 of the Dungeon.
             The game lasted 00:00:13 (515 turns).

kae the Skirmisher (Demonspawn Abyssal Knight)       Turns: 515, Time: 00:00:13

Health: 0/18       AC:  3    Str: 13    XL:     1   Next: 58%
Magic:  2/2        EV: 11    Int: 11    God:    Lugonu [......]
Gold:   5          SH:  0    Dex: 13    Spells: 0/0 levels left

rFire   . . .      SeeInvis .   a - +1 mace
rCold   . . .      Faith    .   (no shield)
rNeg    . . .      Spirit   .   b - +0 leather armour
rPois   .          Reflect  .   (no helmet)
rElec   .          Harm     .   (no cloak)
rCorr   .          Rampage  .   (no gloves)
Will    .....                   (no boots)
Stlth   +.........              (no amulet)
HPRegen 0.06/turn               (no ring)
MPRegen 0.08/turn               (no ring)

@: no status effects
A: no striking features
a: Renounce Religion


You were on level 1 of the Dungeon.
You worshipped Lugonu.
Lugonu was noncommittal.
You visited 1 branch of the dungeon, and saw 1 of its levels.
You visited the Abyss 1 time.

You collected 5 gold pieces.

Inventory:

Hand Weapons
 a - a +1 mace (weapon)
Armour
 b - a +0 leather armour (worn)
Jewellery
 c - a ring of ice


   Skills:
 + Level 3.0 Fighting
 * Level 1.9 Maces & Flails
 + Level 1.9 Armour
 + Level 1.0 Dodging
 + Level 2.5 Invocations


You couldn't memorise any spells.
You didn't know any spells.
Your spell library contained the following spells:

 Spells                   Type           Power      Damage    Failure   Level
 Beastly Appendage        Tmut           0%         N/A       41%         1
 Wereblood                Tmut           0%         N/A       56%         2
 Spider Form              Tmut/Pois      0%         N/A       80%         3


Dungeon Overview and Level Annotations

Branches:
Dungeon (1/15)

Altars:


Message History

A quokka comes into view.
An endoplasm comes into view.
The endoplasm quivers.
There are monsters nearby!
You closely miss the quokka. The quokka closely misses you.
The endoplasm completely misses you. The quokka bites you.
There are monsters nearby!
You miss the quokka. The endoplasm hits you. The quokka barely misses you.
You miss the quokka. The quokka closely misses you. The endoplasm hits you.
The quokka barely misses you.
There are monsters nearby!
There are monsters nearby!
You are too injured to fight recklessly!
You are too injured to fight recklessly!
You are too injured to fight recklessly!
You are too injured to fight recklessly!
There are monsters nearby!
You are too injured to fight recklessly!
You are too injured to fight recklessly!
There are monsters nearby!
You are too injured to fight recklessly!
You are too injured to fight recklessly!
The quokka barely misses you.
Found a red potion.
You barely miss the endoplasm. The endoplasm freezes you.
You are frozen.
You barely miss the endoplasm. The endoplasm closely misses you.
The endoplasm freezes you.
You are frozen.
You hit the endoplasm.
The endoplasm is lightly wounded.
The endoplasm hits you.
You hit the endoplasm but do no damage.
The endoplasm is lightly wounded.
The endoplasm freezes you.
You are frozen.
* * * LOW HITPOINT WARNING * * *
You hit the endoplasm but do no damage. The endoplasm hits you.
You die...

##.# ##...#
###!.... ## #
..... . .#.#
#.##.....##.#.#
#.# #...#.....#
#.# ##.##.....#
#.# #..@Jr....#
#.# #..##.....#
#.# #..##.....#
#.####.#
#..#.##.###
#......# #...#.#.#
######.###..###..#
#.....## #.#
#.###..# ##
##.###.#.#


You could see an endoplasm and a quokka.

Vanquished Creatures
  An endoplasm (D:1)
  2 hobgoblins (D:1)
  A rat (D:1)
4 creatures vanquished.

Notes
Turn   | Place    | Note
-------+----------+-------------------------------------------
     0 | Abyss:1  | kae the Demonspawn Abyssal Knight began the quest for the
                  | Orb.
     0 | Abyss:1  | Reached XP level 1. HP: 18/18 MP: 2/2
     3 | Abyss:1  | Found a bloodstained altar of Trog.
    54 | Abyss:1  | Noticed a wretched star
    56 | D:1      | Escaped the Abyss
   435 | D:1      | Reached skill level 1 in Dodging
   515 | D:1      | Slain by an endoplasm

Illustrated notes

Levels and vault maps discovered:
D:1:      dpeg_arrival_rooms_b, layout_loops_ring,
          hellmonk_ecumenical_altar_lost_god, chequers_serial_rivers_micro_b

Skill      XL: |  1 |
---------------+----+-----
Dodging        | 1 |  1.0
Fighting       | |  3.0
Maces & Flails | |  1.9
Armour         | |  1.9
Invocations    | |  2.5

Action                   || total
-------------------------++-------
Melee: Mace              ||    21
Invok: Depart the Abyss  ||     1
Armor: Leather armour    ||     4
Dodge: Dodged            ||    13

Table legend: (Time is in decaauts)
 A = Elapsed time spent in this place.
 B = Non-inter-level travel time spent in this place.
 C = Inter-level travel time spent in this place.
 D = Time resting spent in this place.
 E = Time spent auto-exploring this place.
 F = Levels seen in this place.
 G = Mean time per level.
                   A        B        C        D        E       F      G
               +--------+--------+--------+--------+--------+-----+--------+
         Total |    522 |    522 |      0 |     52 |    423 |   2 |  261.0 |
       Dungeon |    465 |    465 |      0 |     52 |    369 |   1 |  465.0 |
         Abyss |     57 |     57 |      0 |      0 |     54 |   1 |   57.0 |
               +--------+--------+--------+--------+--------+-----+--------+

Top non-repeatable levels by time:
     D:1: 465 daAuts
 Abyss:1: 57 daAuts
